 Dungeon Crawl Stone Soup version 0.25-a0-292-gaa31f046c4 (webtiles) character file.

Game seed: 8339448403276961258, levelgen mode: deterministic

228 MrRokkomies the Magician (level 6, -3/47 HPs)
             Began as a Gnoll Wanderer on Dec 15, 2019.
             Slain by a river rat (8 damage)
             ... in a sewer.
             The game lasted 00:08:07 (2265 turns).

MrRokkomies the Magician (Gnoll Wanderer)           Turns: 2265, Time: 00:08:08

Health: -3/47      AC:  3    Str: 18    XL:     6   Next: 2%
Magic:  13/13      EV: 12    Int: 15    God:
Gold:   92         SH:  0    Dex: 12    Spells: 5/15 levels left

rFire    . . .     SeeInvis .   b - +1 shortbow
rCold    . . .     Gourm    .   (shield currently unavailable)
rNeg     . . .     Faith    .   e - +0 robe
rPois    .         Spirit   .   (no helmet)
rElec    .         Reflect  .   m - +0 cloak
rCorr    .         Harm     .   (no gloves)
MR       .....                  (no boots)
Stlth    ++........             d - amulet of rage
HPRegen  0.15/turn              (no ring)
MPRegen  0.13/turn              (no ring)

@: lethally poisoned (-3 -> -6), berserk cooldown, hasted and slowed
A: distributed training, fangs 1, strong nose
a: Evoke Berserk Rage


You were in a sewer.
You were hungry.

You visited 1 branch of the dungeon, and saw 3 of its levels.
You also visited: Sewer.

You collected 92 gold pieces.

Inventory:

Hand Weapons
 a - a +2 quarterstaff of chaos
 b - a +1 shortbow (weapon)
 l - a +0 whip
 w - a +2 dagger of protection
Missiles
 c - 59 arrows (quivered)
 o - 56 bolts
Armour
 e - a +0 robe (worn)
 m - a +0 cloak (worn)
Jewellery
 d - an amulet of rage (around neck)
 k - an uncursed amulet of magic regeneration
Potions
 g - 2 potions of agility
 n - 2 potions of magic
 r - a potion of mutation {unknown}
Comestibles
 f - 5 rations


   Skills:
 + Level 3.1 Fighting
 + Level 1.7 Short Blades
 + Level 1.7 Long Blades
 + Level 1.7 Axes
 + Level 1.7 Maces & Flails
 + Level 1.7 Polearms
 + Level 1.7 Staves
 + Level 1.7 Slings
 + Level 1.7 Bows
 + Level 1.7 Crossbows
 + Level 1.7 Throwing
 + Level 4.9 Armour
 + Level 1.7 Dodging
 + Level 1.7 Stealth
 + Level 3.1 Shields
 + Level 1.7 Unarmed Combat
 + Level 5.2 Spellcasting
 + Level 1.3 Conjurations
 + Level 1.3 Hexes
 + Level 1.3 Charms
 + Level 1.3 Summonings
 + Level 1.3 Necromancy
 + Level 1.3 Translocations
 + Level 1.3 Transmutations
 + Level 1.3 Fire Magic
 + Level 2.5 Ice Magic
 + Level 4.0 Air Magic
 + Level 1.3 Earth Magic
 + Level 1.3 Poison Magic
 + Level 1.9 Invocations
 + Level 3.1 Evocations


You had 5 spell levels left.
You knew the following spells:

 Your Spells              Type           Power        Failure   Level  Hunger
a - Blink                 Tloc           N/A          14%         2    ##.....
b - Call Imp              Summ           #.......     14%         2    ##.....
c - Mephitic Cloud        Conj/Pois/Air  ##......     19%         3    ###....
d - Conjure Flame         Conj/Fire      #.......     26%         3    ###....

Your spell library contained the following spells:

 Spells                   Type           Power        Failure   Level  Hunger
 Shock                    Conj/Air       ##..         5%          1    None
 Magic Dart               Conj           #...         9%          1    None
 Slow                     Hex            #.......     14%         2    ##.....


Dungeon Overview and Level Annotations

Branches:
Dungeon (3/15)              Sewer (1/1)

Altars:


Innate Abilities, Weirdness & Mutations

Your experience applies equally to all skills.
You have very sharp teeth.
Your uncanny sense of smell can sniff out nearby items.


Message History

Press: ? - help, Shift-Dir - straight line, f/p - river rat
Aim: a river rat You shoot an arrow.
The arrow hits the river rat.
The river rat is moderately wounded.
Firing (i - inventory)
c - 61 arrows (quivered)
Press: ? - help, Shift-Dir - straight line, f/p - river rat
Aim: a river rat (moderately wounded)
You shoot an arrow.
The arrow hits the river rat but does no damage.
The river rat is moderately wounded.
You feel sick. The river rat bites you.
* * * LOW HITPOINT WARNING * * *
Firing (i - inventory)
c - 60 arrows (quivered)
Press: ? - help, Shift-Dir - straight line, f/p - river rat
Aim: a river rat (moderately wounded)
You shoot an arrow.
The arrow hits the river rat but does no damage.
The river rat is moderately wounded.
The river rat bites you!
You die...

#.#
#(#
#\#
#.#
#\#
#(#
#r#
#r#
#@#
###


You could see a river rat and a rat.

Vanquished Creatures
  Crazy Yiuf (D:2)
  Natasha (thrice) (D:2)
  Terence (D:1)
  A worker ant (D:3)
  A gnoll (D:1)
  An adder (D:3)
  An ooze (D:3)
  A worm (D:2)
  4 leopard geckos (D:3)
  2 giant cockroaches
  3 hobgoblins
  6 kobolds
  3 quokkas
  A ball python (D:3)
  7 bats
  3 frilled lizards
  6 goblins
  3 rats
48 creatures vanquished.

Vanquished Creatures (collateral kills)
  A worm (D:2)
1 creature vanquished.

Grand Total: 49 creatures vanquished

Notes
Turn   | Place    | Note
-------+----------+-------------------------------------------
     0 | D:1      | MrRokkomies the Gnoll Wanderer began the quest for the Orb.
     0 | D:1      | MrRokkomies set off with the following items: a +0
                  | shortbow, 25 arrows, a +0 robe, a ration; and the following
                  | spells available to memorise: Shock, Magic Dart, Blink,
                  | Call Imp, Slow, Mephitic Cloud, Conjure Flame
     0 | D:1      | Reached XP level 1. HP: 17/17 MP: 6/6
    43 | D:1      | Reached XP level 2. HP: 19/23 MP: 7/7
   490 | D:1      | Reached XP level 3. HP: 26/28 MP: 9/9
   532 | D:1      | Reached skill level 5 in Spellcasting
   782 | D:2      | Noticed Natasha
   787 | D:2      | Killed Natasha
   787 | D:2      | Reached skill level 1 in Short Blades
   787 | D:2      | Reached skill level 1 in Long Blades
   787 | D:2      | Reached skill level 1 in Axes
   787 | D:2      | Reached skill level 1 in Maces & Flails
   787 | D:2      | Reached skill level 1 in Polearms
   787 | D:2      | Reached skill level 1 in Staves
   787 | D:2      | Reached skill level 1 in Slings
   787 | D:2      | Reached skill level 1 in Bows
   787 | D:2      | Reached skill level 1 in Crossbows
   787 | D:2      | Reached skill level 1 in Throwing
   787 | D:2      | Reached skill level 1 in Dodging
   787 | D:2      | Reached skill level 1 in Stealth
   787 | D:2      | Reached skill level 1 in Unarmed Combat
   787 | D:2      | Reached skill level 1 in Invocations
   831 | D:2      | Noticed Natasha
   839 | D:2      | Killed Natasha
   839 | D:2      | Reached XP level 4. HP: 30/34 MP: 11/11
   848 | D:2      | Noticed Natasha
   862 | D:2      | Killed Natasha
   862 | D:2      | Reached skill level 1 in Conjurations
   862 | D:2      | Reached skill level 1 in Hexes
   862 | D:2      | Reached skill level 1 in Charms
   862 | D:2      | Reached skill level 1 in Summonings
   862 | D:2      | Reached skill level 1 in Necromancy
   862 | D:2      | Reached skill level 1 in Translocations
   862 | D:2      | Reached skill level 1 in Transmutations
   862 | D:2      | Reached skill level 1 in Fire Magic
   862 | D:2      | Reached skill level 1 in Earth Magic
   862 | D:2      | Reached skill level 1 in Poison Magic
  1014 | D:2      | Noticed Terence
  1061 | D:1      | Killed Terence
  1061 | D:1      | Reached XP level 5. HP: 29/40 MP: 12/12
  1066 | D:1      | Learned a level 2 spell: Blink
  1069 | D:1      | Learned a level 2 spell: Call Imp
  1073 | D:1      | Learned a level 3 spell: Mephitic Cloud
  1077 | D:1      | Learned a level 3 spell: Conjure Flame
  1161 | D:2      | HP: 2/40 [worm (5)]
  1672 | D:2      | Found a runed translucent door.
  1673 | D:2      | Noticed Crazy Yiuf
  1737 | D:2      | Killed Crazy Yiuf
  2230 | D:3      | Found a glowing drain.
  2245 | D:3      | Reached XP level 6. HP: 9/47 MP: 13/13
  2250 | D:3      | HP: 2/47 [poisoned by an adder]
  2253 | Sewer    | Entered a sewer
  2265 | Sewer    | Slain by a river rat

Levels and vault maps discovered:
D:1:      giann_wishing_wells, layout_basic, minmay_splitting_lines
D:2:      layout_rooms, first_ration, serial_curves, eino_curves_02,
          eino_curves_02, uniq_crazy_yiuf_cottage, uniq_natasha, uniq_terence
D:3:      layout_basic, gup_sewer_entry_pipe
Sewer:    sewer_kobolds

Skill      XL: |  1  2  3  4  5 |
---------------+----------------+-----
Ice Magic      | 2 |  2.5
Spellcasting   | 5 |  5.2
Short Blades   | 1 |  1.7
Long Blades    | 1 |  1.7
Axes           | 1 |  1.7
Maces & Flails | 1 |  1.7
Polearms       | 1 |  1.7
Staves         | 1 |  1.7
Slings         | 1 |  1.7
Bows           | 1 |  1.7
Crossbows      | 1 |  1.7
Throwing       | 1 |  1.7
Dodging        | 1 |  1.7
Stealth        | 1 |  1.7
Unarmed Combat | 1 |  1.7
Invocations    | 1 |  1.9
Conjurations   | 1 |  1.3
Hexes          | 1 |  1.3
Charms         | 1 |  1.3
Summonings     | 1 |  1.3
Necromancy     | 1 |  1.3
Translocations | 1 |  1.3
Transmutations | 1 |  1.3
Fire Magic     | 1 |  1.3
Earth Magic    | 1 |  1.3
Poison Magic   | 1 |  1.3
Fighting       | 3 |  3.1
Shields        | 3 |  3.1
Evocations     | 3 |  3.1
Air Magic      | 4 |  4.0
Armour         | |  4.9

Action                   |  1- 3 |  4- 6 || total
-------------------------+-------+-------++-------
Melee: Whip              |    49 |       ||    49
       Bite              |     2 |    12 ||    14
       Dagger            |       |    57 ||    57
       Quarterstaff      |       |    49 ||    49
 Fire: Shortbow          |    25 |    24 ||    49
 Cast: Blink             |       |     3 ||     3
       Conjure Flame     |       |     1 ||     1
       Mephitic Cloud    |       |     1 ||     1
       Call Imp          |       |     1 ||     1
  Use: Scroll            |       |     7 ||     7
       Potion            |       |     4 ||     4
 Stab: Confused          |       |     1 ||     1
  Eat: Chunk             |       |     4 ||     4
Armor: Robe              |    16 |    31 ||    47
Dodge: Dodged            |    45 |    70 ||   115

Table legend:
 A = Non-vault XP
 B = Vault XP
 C = Vault XP percentage of total XP
 D = Non-vault monster count
 E = Vault monster count
 F = Vault count percentage of total count
                 A         B        C        D         E       F
            +---------+---------+-------+---------+---------+-------
      Total |     201 |     126 |  38.5 |      41 |       8 |  16.3
            +---------+---------+-------+---------+---------+-------
        D:1 |      38 |      36 |  48.6 |      16 |       1 |   5.9
        D:2 |      89 |      77 |  46.4 |       9 |       2 |  18.2
        D:3 |      74 |      12 |  14.0 |      16 |       4 |  20.0
      Sewer |       0 |       1 | 100.0 |       0 |       1 | 100.0
            +---------+---------+-------+---------+---------+-------
